1977 views
Uploaded 2023-02-09 01:51:11
Game version 1.35 (6115)
25:57 long 3on3 ladder game on (6)Monsoon_LV
Saved by Cabeelibob
1977 views
Uploaded 2023-02-09 01:51:11
Game version 1.35 (6115)
25:57 long 3on3 ladder game on (6)Monsoon_LV


117 units @ 16k
/ 2.1k
67 buildings @ 11.1k
/ 4.5k


| Ritual Dagger | 1 | 125 |
| Scroll of Town Portal | 3 | 1050 |
| Orb of Lightning | 2 | 750 |
| total: | 6 | 1925g |
| Acolyte | 18 | 1350 | / | 0 |
| Ghoul | 7 | 840 | / | 0 |
| Crypt Fiend | 7 | 1505 | / | 280 |
| Meat Wagon | 8 | 1840 | / | 400 |
| Ogre Magi | 2 | 640 | / | 100 |
| Gnoll Warden | 1 | 215 | / | 20 |
| Mud Golem | 1 | 145 | / | 10 |
| Gnoll Brute | 1 | 215 | / | 20 |
| total: | 45 | 6750g | / | 830w |
| Spirit Tower | 5 | 725 | / | 200 |
| Ziggurat | 13 | 1950 | / | 650 |
| Graveyard | 1 | 215 | / | 0 |
| Altar of Darkness | 1 | 180 | / | 50 |
| Crypt | 2 | 400 | / | 100 |
| Tomb of Relics | 1 | 130 | / | 30 |
| Necropolis | 2 | 450 | / | 0 |
| Slaughterhouse | 5 | 700 | / | 675 |
| Halls of the Dead | 1 | 320 | / | 210 |
| Black Citadel | 1 | 325 | / | 230 |
| total: | 25 | 4025g | / | 1505w |
| 0:12 | Ziggurat |
| 0:20 | Graveyard |
| 0:27 | Altar of Darkness |
| 0:33 | Acolyte |
| 0:47 | Acolyte |
| 1:12 | Crypt |
| 1:36 | Crypt |
| 1:58 | Tomb of Relics |
| 2:19 | Ghoul |
| 2:27 | Carrion Beetles |
| 2:47 | Crypt Fiend |
| 2:50 | Crypt Fiend |
| 3:06 | Ziggurat |
| 3:49 | Ziggurat |
| 4:03 | Crypt Fiend |
| 4:06 | Ghoul |
| 4:08 | Crypt Fiend |
| 4:30 | Spiked Carapace |
| 4:33 | Crypt Fiend |
| 4:41 | Spirit Tower |
| 4:59 | Ghoul |
| 5:20 | Carrion Beetles |
| 5:36 | Ritual Dagger |
| 5:50 | Acolyte |
| 6:00 | Crypt Fiend |
| 6:15 | Necropolis |
| 6:28 | Crypt Fiend |
| 7:32 | Ziggurat |
| 7:35 | Ziggurat |
| 8:37 | Spirit Tower |
| 8:41 | Acolyte |
| 8:41 | Acolyte |
| 8:41 | Acolyte |
| 8:41 | Acolyte |
| 8:46 | Halls of the Dead |
| 9:14 | Ogre Magi |
| 9:42 | Impale |
| 11:01 | Necropolis |
| 11:09 | Acolyte |
| 11:12 | Black Citadel |
| 11:18 | Slaughterhouse |
| 11:19 | Slaughterhouse |
| 11:19 | Slaughterhouse |
| 11:25 | Ghoul |
| 11:25 | Ghoul |
| 11:25 | Ghoul |
| 12:01 | Ziggurat |
| 12:01 | Ziggurat |
| 12:02 | Ziggurat |
| 12:03 | Ziggurat |
| 12:19 | Ghoul |
| 12:39 | Acolyte |
| 12:39 | Acolyte |
| 12:39 | Acolyte |
| 12:40 | Acolyte |
| 12:44 | Meat Wagon |
| 12:49 | Slaughterhouse |
| 12:53 | Slaughterhouse |
| 13:26 | Meat Wagon |
| 13:33 | Spirit Tower |
| 13:43 | Web |
| 14:03 | Acolyte |
| 14:06 | Spirit Tower |
| 14:10 | Ziggurat |
| 14:12 | Ziggurat |
| 14:13 | Ziggurat |
| 14:32 | Meat Wagon |
| 15:08 | Spirit Tower |
| 15:20 | Meat Wagon |
| 15:22 | Exhume Corpses |
| 15:50 | Meat Wagon |
| 16:54 | Meat Wagon |
| 17:53 | Black Arrow |
| 18:14 | Meat Wagon |
| 19:25 | Orb of Lightning |
| 19:26 | Scroll of Town Portal |
| 20:18 | Meat Wagon |
| 20:25 | Acolyte |
| 20:25 | Acolyte |
| 20:25 | Acolyte |
| 20:25 | Acolyte |
| 20:25 | Acolyte |
| 22:37 | Ziggurat |
| 23:07 | Orb of Lightning |
| 23:07 | Scroll of Town Portal |
| 23:08 | Scroll of Town Portal |
| 25:04 | Gnoll Warden |
| 25:04 | Ogre Magi |
| 25:04 | Mud Golem |
| 25:05 | Gnoll Brute |
| Right click | 281 |
| Select | 240 |
| Build/train/purchase | 70 |
| Misc. action | 62 |
| Chat | 42 |
| Use ability | 6 |
| Item give/drop | 2 |
| Minimap ping | 2 |


| Scroll of Healing | 1 | 250 |
| total: | 1 | 250g |
| Peon | 12 | 900 | / | 0 |
| Grunt | 2 | 400 | / | 0 |
| Troll Headhunter | 7 | 980 | / | 140 |
| Shaman | 2 | 260 | / | 40 |
| Demolisher | 1 | 220 | / | 50 |
| Troll Berserker | 5 | 700 | / | 100 |
| Troll Batrider | 9 | 1440 | / | 360 |
| total: | 38 | 4900g | / | 690w |
| Watch Tower | 9 | 990 | / | 720 |
| Altar of Storms | 1 | 180 | / | 50 |
| Orc Burrow | 7 | 1120 | / | 280 |
| Voodoo Lounge | 1 | 130 | / | 30 |
| Barracks | 2 | 360 | / | 100 |
| War Mill | 1 | 205 | / | 0 |
| Great Hall | 2 | 770 | / | 370 |
| Spirit Lodge | 1 | 150 | / | 150 |
| Beastiary | 4 | 580 | / | 560 |
| Stronghold | 1 | 315 | / | 190 |
| Fortress | 1 | 325 | / | 190 |
| total: | 28 | 4485g | / | 2260w |
| 0:02 | Peon |
| 0:02 | Peon |
| 0:05 | Altar of Storms |
| 0:08 | Orc Burrow |
| 0:12 | Peon |
| 0:43 | Peon |
| 0:43 | Peon |
| 1:03 | Peon |
| 1:52 | Stronghold |
| 1:56 | Voodoo Lounge |
| 2:03 | Barracks |
| 2:08 | Feral Spirit |
| 2:38 | War Mill |
| 3:04 | Orc Burrow |
| 3:23 | Orc Burrow |
| 3:24 | Grunt |
| 3:59 | Grunt |
| 4:01 | Troll Headhunter |
| 4:08 | Barracks |
| 4:49 | Troll Headhunter |
| 5:08 | Troll Headhunter |
| 5:19 | Troll Headhunter |
| 5:28 | Chain Lighting |
| 5:53 | Fortress |
| 5:57 | Troll Headhunter |
| 7:21 | Troll Headhunter |
| 7:47 | Spirit Lodge |
| 7:52 | Feral Spirit |
| 8:05 | Endurance Aura |
| 8:06 | Troll Headhunter |
| 8:23 | Berserker Upgrade |
| 8:59 | Shaman Adept Training |
| 9:00 | Shaman |
| 9:03 | Orc Burrow |
| 9:19 | Burning Oil |
| 9:19 | Demolisher |
| 10:00 | Orc Burrow |
| 10:01 | Troll Berserker |
| 10:27 | Scroll of Healing |
| 10:39 | Troll Berserker |
| 10:41 | Shaman Master Training |
| 10:46 | Shockwave |
| 10:58 | Troll Berserker |
| 11:01 | Shaman |
| 11:21 | Orc Burrow |
| 11:24 | Peon |
| 11:53 | Steel Ranged Weapons |
| 12:20 | Chain Lighting |
| 12:42 | Watch Tower |
| 12:46 | Great Hall |
| 12:48 | Peon |
| 12:54 | Watch Tower |
| 13:20 | Endurance Aura |
| 13:40 | Beastiary |
| 13:41 | Peon |
| 13:41 | Peon |
| 13:59 | Watch Tower |
| 14:03 | Spiked Barricades |
| 15:05 | Great Hall |
| 15:07 | Watch Tower |
| 15:19 | Reinforced Defenses |
| 15:21 | Peon |
| 16:27 | Watch Tower |
| 17:05 | Shockwave |
| 17:17 | Beastiary |
| 17:48 | Watch Tower |
| 17:49 | Peon |
| 18:05 | Chain Lighting |
| 18:56 | Watch Tower |
| 20:02 | Watch Tower |
| 20:21 | Troll Batrider |
| 20:24 | Beastiary |
| 20:34 | Thorium Ranged Weapons |
| 21:10 | Troll Batrider |
| 21:10 | Troll Batrider |
| 21:23 | Watch Tower |
| 22:03 | Beastiary |
| 22:05 | Troll Batrider |
| 22:05 | Troll Batrider |
| 23:09 | Troll Batrider |
| 23:09 | Troll Batrider |
| 23:26 | Orc Burrow |
| 23:29 | Troll Batrider |
| 23:29 | Troll Batrider |
| 23:38 | Steel Armor |
| 25:08 | Endurance Aura |
| 25:25 | Troll Berserker |
| 25:25 | Troll Berserker |
| Right click | 608 |
| Select group | 415 |
| Select | 331 |
| Build/train/purchase | 93 |
| Assign group | 57 |
| Misc. action | 49 |
| Use ability | 20 |
| Minimap ping | 5 |
| Item give/drop | 3 |
| Remove unit | 2 |

| Healing Salve | 1 | 100 |
| Lesser Clarity Potion | 3 | 210 |
| total: | 4 | 310g |
| Peon | 14 | 1050 | / | 0 |
| Grunt | 1 | 200 | / | 0 |
| Troll Headhunter | 13 | 1820 | / | 260 |
| Demolisher | 6 | 1320 | / | 300 |
| total: | 34 | 4390g | / | 560w |
| Altar of Storms | 1 | 180 | / | 50 |
| Orc Burrow | 7 | 1120 | / | 280 |
| Barracks | 3 | 540 | / | 150 |
| War Mill | 1 | 205 | / | 0 |
| Voodoo Lounge | 1 | 130 | / | 30 |
| Great Hall | 1 | 385 | / | 185 |
| Stronghold | 1 | 315 | / | 190 |
| Fortress | 1 | 325 | / | 190 |
| total: | 14 | 2560g | / | 695w |
| 0:02 | Peon |
| 0:02 | Peon |
| 0:02 | Peon |
| 0:02 | Peon |
| 0:13 | Altar of Storms |
| 0:20 | Orc Burrow |
| 0:46 | Barracks |
| 0:51 | Peon |
| 1:03 | Peon |
| 1:21 | War Mill |
| 1:37 | Orc Burrow |
| 1:57 | Grunt |
| 2:09 | Voodoo Lounge |
| 2:11 | Feral Spirit |
| 2:33 | Troll Headhunter |
| 2:39 | Peon |
| 2:48 | Troll Headhunter |
| 3:03 | Troll Headhunter |
| 3:07 | Peon |
| 3:28 | Troll Headhunter |
| 3:39 | Troll Headhunter |
| 3:45 | Chain Lighting |
| 4:13 | Great Hall |
| 4:31 | Stronghold |
| 4:35 | Healing Salve |
| 4:37 | Lesser Clarity Potion |
| 4:44 | Lesser Clarity Potion |
| 5:13 | Orc Burrow |
| 5:33 | Feral Spirit |
| 5:46 | Troll Headhunter |
| 6:13 | Troll Headhunter |
| 6:18 | Barracks |
| 6:20 | Barracks |
| 6:34 | Troll Headhunter |
| 6:48 | Troll Headhunter |
| 7:09 | Demolisher |
| 7:24 | Peon |
| 7:24 | Peon |
| 7:24 | Peon |
| 7:25 | Peon |
| 7:40 | Chain Lighting |
| 7:49 | Demolisher |
| 8:16 | Demolisher |
| 8:24 | Reinforced Defenses |
| 9:08 | Demolisher |
| 9:30 | Troll Regeneration |
| 9:33 | Feral Spirit |
| 9:58 | Troll Headhunter |
| 10:09 | Fortress |
| 10:21 | Troll Headhunter |
| 10:45 | Demolisher |
| 11:01 | Troll Headhunter |
| 11:11 | Orc Burrow |
| 11:14 | Orc Burrow |
| 11:29 | Orc Burrow |
| 12:29 | Troll Headhunter |
| 12:50 | Burning Oil |
| 12:50 | Demolisher |
| 13:14 | Peon |
| 13:32 | Berserker Upgrade |
| 13:39 | Peon |
| 21:17 | Earth Quake |
| 22:17 | Orc Burrow |
| 22:22 | Lesser Clarity Potion |
| Right click | 760 |
| Select | 559 |
| Misc. action | 208 |
| Build/train/purchase | 104 |
| Select group | 37 |
| Minimap ping | 34 |
| Chat | 20 |
| Use ability | 15 |
| Assign group | 8 |
| Item give/drop | 2 |
| Remove unit | 1 |
| Esc | 1 |
90 units @ 8.2k
/ 1k
124 buildings @ 9.1k
/ 4.5k


| Peasant | 12 | 900 | / | 0 |
| Flying Machine | 20 | 2000 | / | 600 |
| Dragonhawk Rider | 2 | 400 | / | 60 |
| Mortar Team | 4 | 720 | / | 280 |
| total: | 38 | 4020g | / | 940w |
| Scout Tower | 3 | 90 | / | 60 |
| Arcane Tower | 1 | 70 | / | 50 |
| Guard Tower | 2 | 140 | / | 100 |
| Altar of Kings | 1 | 180 | / | 50 |
| Farm | 12 | 960 | / | 240 |
| Lumber Mill | 1 | 120 | / | 0 |
| Blacksmith | 1 | 140 | / | 60 |
| Arcane Vault | 1 | 130 | / | 30 |
| Workshop | 4 | 560 | / | 560 |
| Gryphon Aviary | 1 | 140 | / | 150 |
| Keep | 1 | 320 | / | 210 |
| Castle | 1 | 360 | / | 210 |
| total: | 24 | 2320g | / | 1150w |
| 0:02 | Peasant |
| 0:02 | Peasant |
| 0:08 | Altar of Kings |
| 0:10 | Farm |
| 0:21 | Peasant |
| 0:28 | Peasant |
| 0:34 | Peasant |
| 0:37 | Peasant |
| 0:42 | Farm |
| 0:56 | Lumber Mill |
| 1:02 | Peasant |
| 1:14 | Scout Tower |
| 1:17 | Peasant |
| 1:27 | Peasant |
| 1:38 | Peasant |
| 1:42 | Arcane Tower |
| 1:59 | Improved Lumber Harvesting |
| 2:33 | Keep |
| 2:48 | Blacksmith |
| 3:03 | Farm |
| 3:05 | Farm |
| 3:12 | Storm Bolt |
| 4:05 | Black Gunpowder |
| 4:07 | Improved Masonry |
| 4:27 | Farm |
| 4:27 | Farm |
| 4:45 | Iron Plating |
| 4:54 | Castle |
| 5:02 | Workshop |
| 5:03 | Workshop |
| 5:07 | Workshop |
| 5:11 | Workshop |
| 5:15 | Scout Tower |
| 5:17 | Scout Tower |
| 6:10 | Farm |
| 6:12 | Guard Tower |
| 6:14 | Guard Tower |
| 6:22 | Flying Machine |
| 6:31 | Flak Cannons |
| 6:51 | Farm |
| 7:04 | Refined Gunpowder |
| 7:18 | Advanced Masonry |
| 7:20 | Flying Machine Bombs |
| 7:21 | Flying Machine |
| 7:21 | Flying Machine |
| 7:28 | Farm |
| 7:28 | Farm |
| 7:35 | Holy Light |
| 7:41 | Gryphon Aviary |
| 7:43 | Arcane Vault |
| 7:48 | Peasant |
| 7:48 | Peasant |
| 7:54 | Flying Machine |
| 7:54 | Flying Machine |
| 8:15 | Flying Machine |
| 8:34 | Flying Machine |
| 8:41 | Farm |
| 8:41 | Farm |
| 9:02 | Flying Machine |
| 9:04 | Cloud |
| 9:04 | Dragonhawk Rider |
| 9:37 | Flying Machine |
| 9:53 | Imbued Gunpowder |
| 10:02 | Flying Machine |
| 10:33 | Steel Plating |
| 10:36 | Imbued Masonry |
| 11:33 | Flying Machine |
| 11:34 | Flying Machine |
| 11:34 | Flying Machine |
| 11:34 | Flying Machine |
| 11:34 | Flying Machine |
| 11:34 | Flying Machine |
| 11:34 | Flying Machine |
| 11:35 | Dragonhawk Rider |
| 12:00 | Mortar Team |
| 12:07 | Flying Machine |
| 12:07 | Flying Machine |
| 12:07 | Flying Machine |
| 13:20 | Flare |
| 14:50 | Mortar Team |
| 14:52 | Mortar Team |
| 15:43 | Mortar Team |
| 16:21 | Bash |
| Right click | 1760 |
| Select group | 1388 |
| Select | 361 |
| Build/train/purchase | 72 |
| Assign group | 18 |
| Use ability | 18 |
| Resource trade | 18 |
| Minimap ping | 10 |
| Esc | 7 |
| Misc. action | 1 |
DudeWhy
(236)
(25:47) : 

| Healing Salve | 1 | 100 |
| total: | 1 | 100g |
| Peasant | 24 | 1800 | / | 0 |
| total: | 24 | 1800g | / | 0w |
| Scout Tower | 70 | 2100 | / | 1400 |
| Arcane Tower | 8 | 560 | / | 400 |
| Guard Tower | 19 | 1330 | / | 950 |
| Altar of Kings | 2 | 360 | / | 100 |
| Farm | 6 | 480 | / | 120 |
| Lumber Mill | 2 | 240 | / | 0 |
| Town Hall | 2 | 770 | / | 410 |
| Blacksmith | 1 | 140 | / | 60 |
| Workshop | 1 | 140 | / | 140 |
| Keep | 1 | 320 | / | 210 |
| Castle | 1 | 360 | / | 210 |
| total: | 84 | 4230g | / | 2230w |
| 0:03 | Peasant |
| 0:13 | Peasant |
| 0:20 | Altar of Kings |
| 0:21 | Peasant |
| 0:27 | Peasant |
| 0:35 | Farm |
| 0:36 | Peasant |
| 0:50 | Lumber Mill |
| 0:52 | Peasant |
| 0:54 | Peasant |
| 1:06 | Farm |
| 1:07 | Scout Tower |
| 1:24 | Peasant |
| 1:31 | Scout Tower |
| 1:33 | Peasant |
| 1:48 | Arcane Tower |
| 1:52 | Improved Lumber Harvesting |
| 1:53 | Peasant |
| 2:00 | Farm |
| 2:14 | Guard Tower |
| 2:20 | Storm Bolt |
| 2:28 | Peasant |
| 2:38 | Peasant |
| 2:39 | Scout Tower |
| 2:42 | Scout Tower |
| 3:08 | Scout Tower |
| 3:09 | Scout Tower |
| 3:29 | Scout Tower |
| 3:30 | Scout Tower |
| 3:31 | Scout Tower |
| 3:33 | Peasant |
| 3:34 | Guard Tower |
| 3:40 | Peasant |
| 3:49 | Guard Tower |
| 3:51 | Scout Tower |
| 3:52 | Scout Tower |
| 4:15 | Guard Tower |
| 4:17 | Scout Tower |
| 4:17 | Scout Tower |
| 4:18 | Scout Tower |
| 4:35 | Town Hall |
| 4:38 | Scout Tower |
| 4:40 | Guard Tower |
| 4:53 | Guard Tower |
| 4:57 | Peasant |
| 4:57 | Peasant |
| 5:06 | Peasant |
| 5:10 | Guard Tower |
| 5:39 | Guard Tower |
| 5:54 | Scout Tower |
| 5:55 | Scout Tower |
| 5:55 | Scout Tower |
| 6:21 | Guard Tower |
| 6:26 | Improved Masonry |
| 6:32 | Keep |
| 6:47 | Guard Tower |
| 6:49 | Guard Tower |
| 6:58 | Scout Tower |
| 6:59 | Scout Tower |
| 7:00 | Scout Tower |
| 7:25 | Guard Tower |
| 7:37 | Scout Tower |
| 7:38 | Guard Tower |
| 7:40 | Scout Tower |
| 7:41 | Scout Tower |
| 7:41 | Scout Tower |
| 7:42 | Scout Tower |
| 7:54 | Guard Tower |
| 8:28 | Altar of Kings |
| 8:41 | Arcane Tower |
| 8:43 | Scout Tower |
| 8:44 | Scout Tower |
| 8:45 | Guard Tower |
| 9:06 | Farm |
| 9:08 | Farm |
| 9:21 | Peasant |
| 9:21 | Peasant |
| 9:21 | Peasant |
| 9:21 | Peasant |
| 9:30 | Arcane Tower |
| 9:33 | Scout Tower |
| 9:34 | Scout Tower |
| 9:40 | Farm |
| 9:46 | Peasant |
| 10:13 | Arcane Tower |
| 10:16 | Arcane Tower |
| 14:03 | Holy Light |
| 14:07 | Scout Tower |
| 14:08 | Scout Tower |
| 14:08 | Scout Tower |
| 14:09 | Scout Tower |
| 15:54 | Lumber Mill |
| 16:35 | Guard Tower |
| 16:42 | Healing Salve |
| 16:51 | Blacksmith |
| 18:24 | Town Hall |
| 18:39 | Black Gunpowder |
| 18:56 | Scout Tower |
| 18:59 | Scout Tower |
| 18:59 | Scout Tower |
| 19:01 | Scout Tower |
| 19:02 | Scout Tower |
| 20:06 | Scout Tower |
| 20:06 | Scout Tower |
| 20:07 | Scout Tower |
| 20:15 | Scout Tower |
| 20:16 | Scout Tower |
| 20:17 | Scout Tower |
| 20:17 | Scout Tower |
| 20:18 | Scout Tower |
| 20:23 | Advanced Masonry |
| 20:24 | Advanced Lumber Harvesting |
| 20:49 | Castle |
| 20:55 | Workshop |
| 21:05 | Guard Tower |
| 21:07 | Scout Tower |
| 21:10 | Scout Tower |
| 21:10 | Scout Tower |
| 21:12 | Scout Tower |
| 21:12 | Scout Tower |
| 21:13 | Scout Tower |
| 21:14 | Scout Tower |
| 21:21 | Scout Tower |
| 21:22 | Scout Tower |
| 21:22 | Scout Tower |
| 21:23 | Scout Tower |
| 21:48 | Bash |
| 22:01 | Devotion Aura |
| 22:04 | Arcane Tower |
| 22:05 | Scout Tower |
| 22:07 | Scout Tower |
| 22:34 | Scout Tower |
| 22:34 | Scout Tower |
| 22:36 | Guard Tower |
| 22:42 | Scout Tower |
| 22:45 | Guard Tower |
| 23:06 | Flak Cannons |
| 23:19 | Flare |
| 23:23 | Peasant |
| 23:24 | Peasant |
| 23:47 | Arcane Tower |
| 24:30 | Scout Tower |
| 24:31 | Scout Tower |
| 24:32 | Scout Tower |
| 24:32 | Scout Tower |
| 24:33 | Scout Tower |
| 24:34 | Scout Tower |
| 25:00 | Scout Tower |
| 25:02 | Arcane Tower |
| 25:30 | Storm Bolt |
| Right click | 1313 |
| Select group | 485 |
| Select | 303 |
| Build/train/purchase | 88 |
| Resource trade | 57 |
| Use ability | 47 |
| Misc. action | 34 |
| Assign group | 19 |
| Esc | 4 |
Cabeelibob
(194)
(25:52) : 
| Lesser Clarity Potion | 4 | 280 |
| Tiny Great Hall | 2 | 1200 |
| Orb of Lightning | 1 | 375 |
| Potion of Mana | 1 | 200 |
| Scroll of Town Portal | 1 | 350 |
| Boots of Speed | 1 | 250 |
| Staff of Teleportation | 1 | 150 |
| total: | 11 | 2805g |
| Peon | 24 | 1800 | / | 0 |
| Troll Witch Doctor | 4 | 580 | / | 100 |
| total: | 28 | 2380g | / | 100w |
| Watch Tower | 6 | 660 | / | 480 |
| Altar of Storms | 2 | 360 | / | 100 |
| Orc Burrow | 4 | 640 | / | 160 |
| War Mill | 1 | 205 | / | 0 |
| Great Hall | 1 | 385 | / | 185 |
| Voodoo Lounge | 1 | 130 | / | 30 |
| Spirit Lodge | 1 | 150 | / | 150 |
| Stronghold | 1 | 315 | / | 190 |
| Fortress | 1 | 325 | / | 190 |
| total: | 16 | 2530g | / | 1105w |
| 0:07 | Altar of Storms |
| 0:11 | Orc Burrow |
| 0:13 | Peon |
| 0:23 | Peon |
| 0:29 | Peon |
| 0:44 | Peon |
| 1:00 | War Mill |
| 1:02 | Peon |
| 1:18 | Peon |
| 1:23 | Peon |
| 1:33 | Peon |
| 1:42 | Orc Burrow |
| 1:58 | Orc Burrow |
| 2:13 | Wind Walk |
| 2:25 | Watch Tower |
| 2:38 | Peon |
| 2:49 | Peon |
| 4:01 | Peon |
| 4:03 | Watch Tower |
| 4:07 | Watch Tower |
| 4:24 | Great Hall |
| 4:38 | Peon |
| 4:38 | Peon |
| 4:38 | Peon |
| 5:48 | Voodoo Lounge |
| 5:58 | Watch Tower |
| 6:01 | Critical Strike |
| 6:26 | Watch Tower |
| 6:55 | Spiked Barricades |
| 7:00 | Orc Burrow |
| 7:13 | Watch Tower |
| 8:58 | Lesser Clarity Potion |
| 9:05 | Scroll of Town Portal |
| 9:45 | Stronghold |
| 10:22 | Boots of Speed |
| 10:22 | Staff of Teleportation |
| 12:10 | Critical Strike |
| 14:00 | Wind Walk |
| 14:12 | Altar of Storms |
| 15:29 | Spirit Lodge |
| 15:30 | Fortress |
| 16:51 | Wind Walk |
| 17:19 | Witch Doctor Adept Training |
| 18:03 | Tiny Great Hall |
| 20:08 | Peon |
| 20:09 | Peon |
| 20:09 | Peon |
| 20:09 | Peon |
| 20:09 | Peon |
| 20:15 | Witch Doctor Master Training |
| 20:16 | Troll Witch Doctor |
| 20:16 | Troll Witch Doctor |
| 20:17 | Troll Witch Doctor |
| 20:17 | Troll Witch Doctor |
| 20:22 | Lesser Clarity Potion |
| 20:25 | Orb of Lightning |
| 20:26 | Potion of Mana |
| 20:30 | Lesser Clarity Potion |
| 20:48 | Tiny Great Hall |
| 22:08 | Peon |
| 22:08 | Peon |
| 22:09 | Peon |
| 22:09 | Peon |
| 22:09 | Peon |
| 23:54 | Bladestorm |
| 25:05 | Lesser Clarity Potion |
| Right click | 820 |
| Misc. action | 155 |
| Select | 154 |
| Select group | 114 |
| Build/train/purchase | 89 |
| Chat | 63 |
| Resource trade | 45 |
| Use ability | 15 |
| Remove unit | 4 |
| Assign group | 3 |
| Item give/drop | 1 |
| Minimap ping | 1 |